Cogmind - Beta 11.1 @@@ ROGUE MODE // 2022.05.05 @ 22:15:03 Player: Flowthing Result: Smashed by cave-in Performance ------------- Evolutions (5) 2500 Regions Visited (10) 2000 Robots Destroyed (13) 65 Value Destroyed (247) 247 Prototype IDs (6) 120 Alien Tech Used (0) 0 Bonus (758) 758 TOTAL SCORE: 5690 Bonus ------- Follower Combat Kills 158 Met Imprinter 300 Was Imprinted 300 Cogmind --------- Core Integrity 0/1000 Matter 279/300 Energy 93/100 System Corruption 1% Temperature Cool (0) Movement Core (150) Ox2 Location -5/Extension Parts ------- > --- POWER (2) -------- (None) > --- PROPULSION (5) --- (None) > --- UTILITY (8) ------ Improved Signal Interpreter Advanced Signal Interpreter Improved Terrain Scan Processor Advanced Terrain Scan Processor Advanced ECM Suite Improved Hacking Suite > --- WEAPON (2) ------- Phasing Sabre > --- INVENTORY (5) ---- Fission Core Armored Medium Treads Bore Cannon Peak State ------------ > --- POWER ------------ Angular Momentum Engine Light Angular Momentum Engine > --- PROPULSION ------- Improved Gravmag System Improved Gravmag System Improved Gravmag System > --- UTILITY ---------- Improved Heat Sink Enhanced Optical Array Advanced Signal Interpreter Advanced Terrain Scan Processor Advanced Shield Generator Improved Hacking Suite System Shield Recalibrator > --- WEAPON ----------- Beamcaster > --- INVENTORY -------- Armored Medium Treads Advanced ECM Suite Disruptor Cannon Remote Datajack [Rating: 67] Favorites ----------- Power Light Angular Momentum Engine Engine Light Angular Momentum Engine Power Core Fission Core Propulsion Flight Unit Treads Armored Medium Treads Leg Aluminum Leg Hover Unit Improved Gravmag System Flight Unit Flight Unit Utility Enhanced Optical Array Device Improved Heat Sink Storage Small Storage Unit Processor Enhanced Optical Array Hackware System Shield Weapon Remote Datajack Energy Gun Heavy Riot Gun Energy Cannon Disruptor Cannon Ballistic Gun Assault Rifle Ballistic Cannon Enhanced Gauss Cannon Special Weapon Remote Datajack Slashing Weapon Phasing Sabre Piercing Weapon CR-A16's Pointy Stick Build | -11 -10 -9 -9 -7 -6 -6 -6 -6 -5 -5 ------- Run | Scr Mat Mat Min Zio Pro Fac Low Low Fac Ext Slots Evolved 10 | . . 2 . . . 6 . . 2 . Power 1 | . . . . . . 1 . . . . Propulsion 3 | . . . . . . 2 . . 1 . Utility 6 | . . 2 . . . 3 . . 1 . Weapon . | . . . . . . . . . . . Parts Attached 111 | 6 9 6 2 11 3 11 6 4 14 39 Power 17 | 1 3 . . 2 1 . 3 1 1 5 Engine 10 | 1 2 . . 2 1 . 2 1 1 . Core 7 | . 1 . . . . . 1 . . 5 Reactor . | . . . . . . . . . . . Propulsion 19 | 2 3 1 1 2 . . . . 3 7 Treads 1 | . . . . . . . . . . 1 Leg 2 | 2 . . . . . . . . . . Wheel . | . . . . . . . . . . . Hover 5 | . . . . . . . . . 3 2 Flight 11 | . 3 1 1 2 . . . . . 4 Utility 41 | 1 2 3 . 4 . 10 1 3 6 11 Device 22 | . 1 2 . 2 . 6 . 2 2 7 Storage 3 | 1 . . . . . 1 . . 1 . Processor 13 | . 1 1 . 1 . 2 1 . 3 4 Hackware 3 | . . . . 1 . 1 . 1 . . Protection . | . . . . . . . . . . . Artifact . | . . . . . . . . . . . Weapon 34 | 2 1 2 1 3 2 1 2 . 4 16 Energy Gun 3 | . . . . . 1 . 1 . 1 . Energy Cannon 6 | . . . . . . 1 . . 2 3 Ballistic Gun 4 | 2 1 . 1 . . . . . . . Ballistic Cannon 5 | . . . . . . . . . . 5 Launcher . | . . . . . . . . . . . Special Weapon 9 | . . 2 . . 1 . 1 . 1 4 Impact Weapon . | . . . . . . . . . . . Slashing Weapon 6 | . . . . 2 . . . . . 4 Piercing Weapon 1 | . . . . 1 . . . . . . Special Melee Weapon . | . . . . . . . . . . . Unidentified Prototypes 3 | . . . . 1 . 1 . . 1 . Parts Lost 39 | . . 1 4 . 4 2 3 . 10 15 Power 5 | . . . . . 1 1 1 . 2 . Propulsion 12 | . . 1 1 . 2 . . . 3 5 Utility 14 | . . . 1 . . 1 2 . 4 6 Weapon 8 | . . . 2 . 1 . . . 1 4 Highest Loss Streak 10 | . . 1 4 . 4 2 3 . 10 8 To Critical Strikes . | . . . . . . . . . . . Average Slot Usage (%) 66 | . 97 78 79 87 83 52 46 53 60 58 Engine 6 | . 12 11 11 11 9 5 1 6 6 . Leg 1 | . 24 . . . . . . . . . Hover 1 | . . . . . . . . . 6 1 Flight 7 | . 3 22 17 22 19 . . . . 7 Device 8 | . 4 20 15 3 . 8 6 10 15 10 Storage 1 | . 14 1 . . . . . . . . Processor 23 | . 8 22 22 32 33 25 20 20 17 22 Hackware 8 | . . . . 7 11 10 13 13 10 5 Ballistic Gun 2 | . 27 . 6 3 . . . . . . Special Weapon 1 | . . 1 6 . . . 4 2 . 1 Piercing Weapon 1 | . . . . 6 6 . . . . . Naked Turns . | . . . . . . . . . . . Heaviest Build 34 | 14 15 7 6 9 10 12 15 13 34 22 Greatest Support 30 | 20 20 8 8 8 8 3 3 3 30 27 Greatest Overweight (x) 6 | . 4 1 1 1 3 3 4 4 4 6 Average Overweight (x) . | . . . . . . 2 . 4 1 . Largest Inventory Capacity 8 | 8 8 8 5 5 5 8 5 5 5 5 Average Capacity 5 | 7 8 5 5 5 5 5 5 5 5 5 Most Carried 8 | 2 8 7 4 5 5 4 5 5 5 5 Average Carried 4 | 1 6 4 3 4 5 2 3 4 4 4 Final Capacity 8 | 8 8 5 5 5 5 5 5 5 5 5 Final Carried 8 | 2 8 4 3 5 5 4 5 5 5 3 Class Distribution -------------------- 29% | Scavenger-Mutant 22% | Mutant 21% | Hacker-Mutant 18% | Derelict-Mutant 4% | Scavenger-Assassin 3% | Scavenger-Scout Dominant Class ---------------- Mutant | -10/Materials Scavenger-Scout | -9/Materials Scavenger-Mutant | -9/Mines Scavenger-Mutant | -7/Zion Scavenger-Mutant | -6/Proximity Caves Hacker-Mutant | -6/Factory Hacker-Mutant | -6/Lower Caves Derelict-Mutant | -6/Lower Caves Derelict-Mutant | -5/Factory Mutant | -5/Extension Resources | -11 -10 -9 -9 -7 -6 -6 -6 -6 -5 -5 ----------- Run | Scr Mat Mat Min Zio Pro Fac Low Low Fac Ext Matter Collected 1337 | 194 97 . 14 40 266 . 155 13 29 529 Remotely . | . . . . . . . . . . . Salvage Created 195 | . 131 . 14 . 17 . . . . 33 Parts 19 | . 16 . 3 . . . . . . . Haulers Intercepted . | . . . . . . . . . . . Recyclers Shooed 1 | . . . . . . . . . 1 . Parts Field Recycled . | . . . . . . . . . . . Retrieved Matter . | . . . . . . . . . . . Parts Self-Destructed . | . . . . . . . . . . . Prevented 4 | . . . . . 3 . 1 . . . Kills | -11 -10 -9 -9 -7 -6 -6 -6 -6 -5 -5 ------- Run | Scr Mat Mat Min Zio Pro Fac Low Low Fac Ext Combat Hostiles Destroyed 12 | . 6 . 3 . 1 . . . . 2 Guns 7 | . 6 . 1 . . . . . . . Cannons 4 | . . . 2 . . . . . . 2 AOE 1 | . . . . . 1 . . . . . Classes Destroyed 3 | . 3 . . . . . . . . . Watcher 1 | . 1 . . . . . . . . . Swarmer 10 | . 5 . 3 . 1 . . . . 1 Grunt 2 | . 1 . . . . . . . . 1 Best Kill Streak 6 | . 6 . 2 . 1 . . . . 1 Combat Bots Only 6 | . 6 . 2 . 1 . . . . 1 Max Kills in Single Turn 1 | . 1 . 1 . 1 . . . . 1 Gunslinging . | . . . . . . . . . . . Exploded 1 | . . . . . 1 . . . . . Melee . | . . . . . . . . . . . Uniques/NPCs Destroyed . | . . . . . . . . . . . Combat | -11 -10 -9 -9 -7 -6 -6 -6 -6 -5 -5 -------- Run | Scr Mat Mat Min Zio Pro Fac Low Low Fac Ext Damage Taken 3441 | . 157 133 140 . 401 134 248 . 734 1494 Core 1470 | . . 62 23 . 187 74 99 . 114 911 Absorbed by Shields 117 | . . . . . . . . . 117 . Regen/Repaired (Parts) 30 | . . . . 30 . . . . . . Core Remaining (%) 77 | 100 100 . . . 32 . . 79 . . Volleys Fired 60 | . 18 . 9 . 4 . . . 9 20 Largest 2 | . 2 . 2 . 1 . . . 1 1 Hottest 200 | . 40 . 200 . 60 . . . 75 81 Shots Fired 80 | . 36 . 11 . 4 . . . 9 20 Gun 54 | . 36 . 6 . 4 . . . 8 . Cannon 13 | . . . . . . . . . . 13 Launcher . | . . . . . . . . . . . Special 13 | . . . 5 . . . . . 1 7 Kinetic 54 | . 36 . 6 . . . . . . 12 Thermal 13 | . . . 5 . . . . . 8 . Explosive . | . . . . . . . . . . . Electromagnetic 5 | . . . . . 4 . . . . 1 Robot Hit Streak 7 | . 7 . 2 . 1 . . . 4 6 Robot Miss Streak 5 | . 4 . 4 . 5 . . . 1 3 Penetration Max 1 | . . . . . . . . . . 1 Secondary Targets . | . . . . . . . . . . . Shots Hit Robots 45 | . 22 . 4 . 2 . . . 6 11 Core Hits 19 | . 12 . 3 . 1 . . . . 3 Critical Kills 1 | . . . . . . . . . . 1 Critical Parts Destroyed 2 | . . . . . . . . . . 2 Critical Strikes 3 | . . . . . . . . . . 3 Destroy 3 | . . . . . . . . . . 3 Melee Attacks 13 | . . . . . . . . . . 13 Impact . | . . . . . . . . . . . Slashing 13 | . . . . . . . . . . 13 Piercing . | . . . . . . . . . . . Sneak Attacks . | . . . . . . . . . . . Combat Hostiles . | . . . . . . . . . . . Follow-up Attacks . | . . . . . . . . . . . Damage Inflicted 798 | . 233 . 94 . 77 . . . 132 262 Guns 400 | . 233 . 22 . 19 . . . 126 . Cannons 225 | . . . . . . . . . . 225 Explosions 58 | . . . . . 58 . . . . . Melee 37 | . . . . . . . . . . 37 Ramming 6 | . . . . . . . . . 6 . Kinetic 480 | . 233 . 22 . . . . . . 225 Thermal 256 | . . . 72 . 58 . . . 126 . Explosive . | . . . . . . . . . . . Electromagnetic 19 | . . . . . 19 . . . . . Impact . | . . . . . . . . . . . Slashing 37 | . . . . . . . . . . 37 Piercing . | . . . . . . . . . . . Highest Corruption . | . . . . . . . . . . . Average Corruption . | . . . . . . . . . . . Corruption Purged . | . . . . . . . . . . . Corruption Blocked . | . . . . . . . . . . . Overload Shots . | . . . . . . . . . . . Overflow Damage 4 | . . . 4 . . . . . . . Projectiles 4 | . . . 4 . . . . . . . Explosions . | . . . . . . . . . . . Melee . | . . . . . . . . . . . Knockbacks 3 | . . . . . . . . . . 3 Impact . | . . . . . . . . . . . Kinetic 3 | . . . . . . . . . . 3 Secondary . | . . . . . . . . . . . Self-Inflicted Damage 28 | . . . . . 25 . . . 3 . Shots 1 | . . . . . 1 . . . . . Rammed 2 | . . . . . . . . . 2 . Targets Rammed 2 | . . . . . . . . . 2 . Kicked . | . . . . . . . . . . . Crushed . | . . . . . . . . . . . Highest Temperature 153 | . 18 . . . 153 . . . 6 . Average Temperature 43 | . 10 . . . 80 . . . 3 . Received Heat Transfer 639 | . 36 42 6 . 72 . 36 . . 447 Siege Activations . | . . . . . . . . . . . Robots Corrupted . | . . . . . . . . . . . Combat Hostiles . | . . . . . . . . . . . Parts Fried . | . . . . . . . . . . . Impact Corruptions . | . . . . . . . . . . . Robots Melted . | . . . . . . . . . . . Combat Hostiles . | . . . . . . . . . . . Parts Melted . | . . . . . . . . . . . Heat Transferred 422 | . . . 150 . 50 . . . 222 . Parts Sabotaged . | . . . . . . . . . . . Parts Stolen . | . . . . . . . . . . . Parts Stripped . | . . . . . . . . . . . Power Chain Reactions 1 | . . . . . 1 . . . . . Missiles Intercepted . | . . . . . . . . . . . Alert | -11 -10 -9 -9 -7 -6 -6 -6 -6 -5 -5 ------- Run | Scr Mat Mat Min Zio Pro Fac Low Low Fac Ext Peak Influence 289 | . 210 163 116 . . 65 . . 15 289 Initial 88 | . . 88 63 . . 65 . . . . Average 64 | . 60 118 92 . . 56 . . . 97 Maximum Alert Level 1 | . 1 . . . . . . . . 1 Low Security (%) 90 | 100 83 100 100 . . 100 . . 100 81 Level 1 9 | . 16 . . . . . . . . 18 Level 2 . | . . . . . . . . . . . Level 3 . | . . . . . . . . . . . Level 4 . | . . . . . . . . . . . Level 5 . | . . . . . . . . . . . High Security . | . . . . . . . . . . . Max Security . | . . . . . . . . . . . Squads Dispatched 2 | . . . . . . . . . . 2 Investigation 2 | . . . . . . . . . . 2 Extermination . | . . . . . . . . . . . Reinforcement . | . . . . . . . . . . . Assault . | . . . . . . . . . . . Garrison . | . . . . . . . . . . . Intercept . | . . . . . . . . . . . Searches Triggered . | . . . . . . . . . . . Construction Impeded . | . . . . . . . . . . . Haulers Reinforced . | . . . . . . . . . . . Active Scanning Responses . | . . . . . . . . . . . Cargo Convoy Interrupts . | . . . . . . . . . . . Stealth | -11 -10 -9 -9 -7 -6 -6 -6 -6 -5 -5 --------- Run | Scr Mat Mat Min Zio Pro Fac Low Low Fac Ext Distress Signals 3 | . . . . . . . . . . 3 Communications Jammed . | . . . . . . . . . . . Distress Signals . | . . . . . . . . . . . Times Spotted 91 | . 14 7 4 . 16 3 5 . 5 37 Peak Tracking Total 10 | . 8 8 2 . 10 3 3 . 5 8 Tactical Retreats 24 | . 2 . . . 2 . 1 . 1 18 Traps | -11 -10 -9 -9 -7 -6 -6 -6 -6 -5 -5 ------- Run | Scr Mat Mat Min Zio Pro Fac Low Low Fac Ext Traps Triggered 4 | . . . . . . 3 . . . 1 Indirectly . | . . . . . . . . . . . Trap Hack Attempts . | . . . . . . . . . . . Triggered . | . . . . . . . . . . . Disarmed . | . . . . . . . . . . . Reprogrammed . | . . . . . . . . . . . Reused . | . . . . . . . . . . . Traps Extracted . | . . . . . . . . . . . Installed . | . . . . . . . . . . . Triggered . | . . . . . . . . . . . Machines | -11 -10 -9 -9 -7 -6 -6 -6 -6 -5 -5 ---------- Run | Scr Mat Mat Min Zio Pro Fac Low Low Fac Ext Machines Disabled . | . . . . . . . . . . . Max in Single Turn . | . . . . . . . . . . . Machines Sabotaged . | . . . . . . . . . . . Garrisons Compromised . | . . . . . . . . . . . Overloaded Fab Kills . | . . . . . . . . . . . Hacking | -11 -10 -9 -9 -7 -6 -6 -6 -6 -5 -5 --------- Run | Scr Mat Mat Min Zio Pro Fac Low Low Fac Ext Machines Accessed 14 | . 1 4 . 1 . 1 . . . 7 Terminals 11 | . 1 4 . . . 1 . . . 5 Fabricators . | . . . . . . . . . . . Repair Stations . | . . . . . . . . . . . Recycling Units 2 | . . . . . . . . . . 2 Scanalyzers . | . . . . . . . . . . . Garrison Access . | . . . . . . . . . . . Total Hacks 29 | . 2 9 . 4 . 1 . . . 13 Successful 19 | . . 7 . 4 . 1 . . . 7 Failed 10 | . 2 2 . . . . . . . 6 Catastrophic 1 | . 1 . . . . . . . . . Database Lockouts . | . . . . . . . . . . . Manual 6 | . . . . . . 2 . . 1 3 Terminals 19 | . 2 9 . . . 1 . . . 7 Fabricators . | . . . . . . . . . . . Repair Stations . | . . . . . . . . . . . Recycling Units 6 | . . . . . . . . . . 6 Scanalyzers . | . . . . . . . . . . . Garrison Access . | . . . . . . . . . . . Terminal Hacks 15 | . . 7 . 4 . 1 . . . 3 Record 1 | . . 1 . . . . . . . . Part Schematic 4 | . . . . 4 . . . . . . Prototype ID Bank 2 | . . 2 . . . . . . . . Open Door 3 | . . . . . . . . . . 3 Open DSF 1 | . . . . . . 1 . . . . Emergency Access Points 1 | . . 1 . . . . . . . . Alert Level 1 | . . 1 . . . . . . . . Locate Traps 2 | . . 2 . . . . . . . . Fabricator Hacks . | . . . . . . . . . . . Repair Station Hacks . | . . . . . . . . . . . Recycling Unit Hacks 4 | . . . . . . . . . . 4 Process 1 | . . . . . . . . . . 1 Report Inventory 3 | . . . . . . . . . . 3 Scanalyzer . | . . . . . . . . . . . Garrison Access Hacks . | . . . . . . . . . . . Unauthorized Hacks . | . . . . . . . . . . . Terminals . | . . . . . . . . . . . Fabricators . | . . . . . . . . . . . Repair Stations . | . . . . . . . . . . . Recycling Units . | . . . . . . . . . . . Scanalyzers . | . . . . . . . . . . . Garrison Access . | . . . . . . . . . . . Data Cores Recovered . | . . . . . . . . . . . Used . | . . . . . . . . . . . Hacking Detections 6 | . 1 2 . . . . . . . 3 Full Trace Events 3 | . 1 . . . . . . . . 2 Feedback Events . | . . . . . . . . . . . Feedback Blocked . | . . . . . . . . . . . Robot Schematics Acquired 2 | . . . . 2 . . . . . . Robots Built . | . . . . . . . . . . . Authchips . | . . . . . . . . . . . Time . | . . . . . . . . . . . Total Robot Build Rating . | . . . . . . . . . . . Part Schematics Acquired 19 | . . . . 19 . . . . . . Parts Built . | . . . . . . . . . . . Authchips . | . . . . . . . . . . . Time . | . . . . . . . . . . . Total Part Build Rating . | . . . . . . . . . . . Parts Repaired . | . . . . . . . . . . . Time . | . . . . . . . . . . . Parts Recycled . | . . . . . . . . . . . Recycled Matter 4 | . . . . . . . . . . 4 Retrieved Matter . | . . . . . . . . . . . Retrieved Components . | . . . . . . . . . . . Parts Scanalyzed . | . . . . . . . . . . . Part Schematics Acquired . | . . . . . . . . . . . Parts Damaged . | . . . . . . . . . . . Bothacking | -11 -10 -9 -9 -7 -6 -6 -6 -6 -5 -5 ------------ Run | Scr Mat Mat Min Zio Pro Fac Low Low Fac Ext Used RIF Installer . | . . . . . . . . . . . Robots Hacked 2 | . . . . . . . . . . 2 Non-combat 1 | . . . . . . . . . . 1 Combat 1 | . . . . . . . . . . 1 Robot Hacks Applied 3 | . . . . . . . . . . 3 parse_system 3 | . . . . . . . . . . 3 Relay Couplers Released . | . . . . . . . . . . . Fabnet Peak Effective % . | . . . . . . . . . . . Robots Rewired 3 | . . . . . . . . . . 3 Allies Hacked . | . . . . . . . . . . . Hacks Repelled . | . . . . . . . . . . . Allies | -11 -10 -9 -9 -7 -6 -6 -6 -6 -5 -5 -------- Run | Scr Mat Mat Min Zio Pro Fac Low Low Fac Ext Total Allies 14 | . . . . 4 . . . . . 10 Largest Group 4 | . . . . 4 4 . . . . 4 Highest-Rated Group 157 | . . . . 157 157 . . . . 110 Highest-Rated Ally 42 | . . . . 42 42 . . . . 39 Zionite Dispatches 1 | . . . . . . . . . . 1 Fire 1 | . . . . . . . . . . 1 Total Orders . | . . . . . . . . . . . Ally Attacks 49 | . . . . . 7 . . . . 42 Total Damage 1041 | . . . . . 346 . . . . 695 Kills 9 | . . . . . 3 . . . . 6 Allies Corrupted . | . . . . . . . . . . . Allies Melted . | . . . . . . . . . . . Intel | -11 -10 -9 -9 -7 -6 -6 -6 -6 -5 -5 ------- Run | Scr Mat Mat Min Zio Pro Fac Low Low Fac Ext Robot Analysis Total . | . . . . . . . . . . . Derelict Logs Recovered 6 | . . . . 2 1 . 2 1 . . Drone Launches . | . . . . . . . . . . . Drone Recoveries . | . . . . . . . . . . . Decoded 0b10 Intel 9 | . . . . . . 9 . . . . Traps 9 | . . . . . . 9 . . . . Exploration | -11 -10 -9 -9 -7 -6 -6 -6 -6 -5 -5 ------------- Run | Scr Mat Mat Min Zio Pro Fac Low Low Fac Ext Turns Passed 4327 | 64 302 86 54 677 304 473 291 509 509 1058 Spaces Moved 4111 | 46 203 169 54 1194 505 234 299 202 360 845 Core 1428 | 3 1 . . . 61 234 299 202 139 489 Treads 51 | . . . . . . . . . . 51 Legs 200 | 43 157 . . . . . . . . . Wheels . | . . . . . . . . . . . Hover 364 | . . . . . . . . . 221 143 Flight 2068 | . 45 169 54 1194 444 . . . . 162 Fastest Speed 26 | 50 37 37 37 37 37 50 50 250 50 26 Average Speed 84 | 115 107 37 40 37 39 192 84 250 127 95 Slowest Speed 350 | 120 280 120 120 117 200 200 250 250 250 350 Overloaded Moves . | . . . . . . . . . . . Propulsion Burnouts . | . . . . . . . . . . . Robots Hopped 1 | . . . . . . . . . . 1 Cave-ins Triggered 1 | . . . . . . . . . . 1 Exploration Rate (%) 36 | 5 26 18 13 90 85 12 61 26 9 53 Regions Visited 10 Branch Regions 6 Pre-discovered Areas 1 | . . . . 1 . . . . . . Known Exits Taken 9 | . 1 1 1 1 1 1 1 1 1 . Unknown Exits Taken 1 | 1 . . . . . . . . . . Scrap Searched 13 | . . . . 2 4 . 6 1 . . Spaces Dug 11 | . . . . . . . . . . 11 Terrain Destroyed 26 | . . . 1 . 6 . . . . 19 Melee 11 | . . . . . . . . . . 11 Projectile 9 | . . . 1 . . . . . . 8 AOE 6 | . . . . . 6 . . . . . Terrain Rammed . | . . . . . . . . . . . Walls Destroyed . | . . . . . . . . . . . Machines Disabled . | . . . . . . . . . . . Actions | -11 -10 -9 -9 -7 -6 -6 -6 -6 -5 -5 --------- Run | Scr Mat Mat Min Zio Pro Fac Low Low Fac Ext Total 4848 | 54 256 193 64 1427 604 253 336 207 397 1057 Wait 440 | 1 5 7 . 207 91 6 28 . 3 92 Move 4099 | 45 202 168 53 1193 504 233 298 201 359 843 Hop 1 | . . . . . . . . . . 1 Pick Up 31 | 2 10 5 . 6 . . . . 3 5 Fast Attach 68 | 6 6 2 1 6 3 4 5 1 8 26 Attach 26 | . 2 4 1 1 . 5 . 2 3 8 Detach 17 | . 1 1 . . . 3 2 2 3 5 Swap 17 | . 1 . . 4 . 2 1 1 3 5 Drop 47 | . 11 6 . 10 2 . . . 4 14 Fire 60 | . 18 . 9 . 4 . . . 9 20 Melee 13 | . . . . . . . . . . 13 Ram 2 | . . . . . . . . . 2 . Kick . | . . . . . . . . . . . Crush . | . . . . . . . . . . . Escape Stasis 13 | . . . . . . . . . . 13 Rewire 14 | . . . . . . . 2 . . 12 Trap . | . . . . . . . . . . . Miscellaneous . | . . . . . . . . . . . Route ------- -11/Scrapyard -10/Materials -9/Materials -9/Mines -7/Zion -6/Proximity Caves -6/Factory -6/Lower Caves -6/Lower Caves -5/Factory -5/Extension History --------- Turn | Location | Event 4 | -11/Scrapyard | Discovered new exit (range 15) 65 | -11/Scrapyard | Entered Materials 313 | -10/Materials | Build established: Mutant 363 | -10/Materials | Discovered new exit (range 10) 366 | -10/Materials | Identified exit to Materials 367 | -10/Materials | Entered another Materials area 367 | -9/Materials | Evolved 2 slots: Utility x2 443 | -9/Materials | Discovered new exit (range 14) 453 | -9/Materials | Identified exit to Mines 453 | -9/Materials | Entered Mines 499 | -9/Mines | A Derelict revealed a hidden shortcut to a safe place 502 | -9/Mines | Identified exit to Zion 507 | -9/Mines | Entered Zion 508 | -7/Zion | Lost 4 parts (1n1u2w) 564 | -7/Zion | Discovered new exit (range 13) 568 | -7/Zion | Identified exit to Proximity Caves 631 | -7/Zion | Found Prototype Device 635 | -7/Zion | Identified Phasing AFG 653 | -7/Zion | Learned Factory emergency access door positions 672 | -7/Zion | Given A8's code to call for help 694 | -7/Zion | Learned location of 1 exit from Lower Caves 744 | -7/Zion | Learned Factory stockpile data 768 | -7/Zion | Build established: Scavenger-Mutant 770 | -7/Zion | Visited the Megawrench Repair Shop 770 | -7/Zion | Megawrench repaired 5 parts 790 | -7/Zion | Found CR-A16's Pointy Stick 867 | -7/Zion | Imprinted 869 | -7/Zion | Declared Zion's savior 905 | -7/Zion | Given the Hacking Drone Bay 905 | -7/Zion | Found Prototype Device 1184 | -7/Zion | Entered Proximity Caves 1184 | -6/Proximity Caves | Accompanied by 4 allies 1419 | -6/Proximity Caves | Learned Factory stockpile data 1422 | -6/Proximity Caves | Attracted the attention of an 0b10 checkpoint 1449 | -6/Proximity Caves | Attracted the attention of an 0b10 base 1467 | -6/Proximity Caves | Core integrity fell below 50% 1478 | -6/Proximity Caves | Discovered new exit (range 13) 1486 | -6/Proximity Caves | Identified exit to Factory 1488 | -6/Proximity Caves | Lost 4 parts (1p2n1w) 1488 | -6/Proximity Caves | Entered Factory 1488 | -6/Factory | Evolved 6 slots: Power x1, Propulsion x2, Utility x3 1489 | -6/Factory | Identified Hacking Drone Bay 1857 | -6/Factory | Identified exit to DSF 1923 | -6/Factory | Build established: Hacker-Mutant 1956 | -6/Factory | Discovered new exit (range 10) 1961 | -6/Factory | Identified exit to Lower Caves 1961 | -6/Factory | Entered Lower Caves 1962 | -6/Lower Caves | Identified exit to Lower Caves 1997 | -6/Lower Caves | Learned 4 Factory zone layouts 2139 | -6/Lower Caves | Encountered a Warlord checkpoint 2154 | -6/Lower Caves | Lost 3 parts (1p2u) 2241 | -6/Lower Caves | Attracted the attention of an 0b10 checkpoint 2252 | -6/Lower Caves | Entered another Lower Caves area 2298 | -6/Lower Caves | Discovered new exit (range 9) 2316 | -6/Lower Caves | Identified exit to Factory 2586 | -6/Lower Caves | Learned Factory stockpile data 2727 | -6/Lower Caves | Build established: Derelict-Mutant 2761 | -6/Lower Caves | Entered Factory 2761 | -5/Factory | Evolved 2 slots: Propulsion x1, Utility x1 2813 | -5/Factory | Discovered new exit (range 6) 2829 | -5/Factory | Identified exit to Extension 3270 | -5/Factory | Entered Extension 3287 | -5/Extension | Lost 10 parts (2p3n4u1w) 3330 | -5/Extension | Rescued a captive Derelict 3330 | -5/Extension | Rescued a captive Derelict 3384 | -5/Extension | Rescued a captive Derelict 3683 | -5/Extension | Rescued a captive Derelict 3795 | -5/Extension | Zion Fire squad teleported in 3857 | -5/Extension | Spotted B-75 Beast 3858 | -5/Extension | Core integrity fell below 50% 3870 | -5/Extension | Spotted B-75 Beast 3877 | -5/Extension | Core integrity fell below 20% 3907 | -5/Extension | Lost 8 parts (4n2u2w) 4152 | -5/Extension | Build established: Mutant 4231 | -5/Extension | Lost 3 parts (2u1w) 4329 | -5/Extension | Crushed by falling debris 4329 | -5/Extension | Smashed by cave-in Last Messages --------------- 03997_ R-10 Processor collects Lgt. Nuclear Core. 04003_ Acquired Focal Shield. 04030_ Acquired Phasing Sabre. 04126_ Acquired 12 matter. 04154_ Phasing Sabre destroyed. 04155_ Imp. Heat Sink destroyed. 04175_ Acquired Imp. Terrain Scan Processor. 04176_ Acquired 1 matter. 04193_ Focal Shield destroyed. 04193_ Imp. Shield Generator destroyed. 04193_ Critical hit (Burn: +37). 04200_ Phasing Sabre destroyed. 04203_ Acquired 6 matter. 04223_ R-10 Processor enters Transfer Station. 04323_ The unstable cave ceiling collapses. [Achievement: Part-time Excavator] 04329_ The unstable cave ceiling collapses. 04329_ Crushed by falling debris. 04329_ Enh. Optical Array destroyed. 04329_ System corrupted by crushing effect (+1). Map ----- +----------------------------------------------------+ | ?###?#####??######?######## #########??? ????????? | | ??#??##?#?###?##########?## #####?#?##?? ????????? | | ??##?##??#?#########?######%#####?#### #?????????? | | ?#?????#???#?#??########### #####?####???????????? | | ??????##?####??############%##?###??##???????????? | | ?????#???#?###?#####?###### #########? ??????????? | | ???????#??????#?########### ########## ###???????? | | ??????????????#???#########%### ## ### ####??????? | | ?????????????????##??#### "%" "" ""##??????? | | ??????????????????????##" " " " ##??????? | | ?????????????????#??#####%%% ##??????? | | ??####################### ###?????? | | ######################### ###?????? | | % ??? | | % ??? | | % ??? | | ??? | | % ??? | | ######################### ######??? | | ??############### ####### ######??? | | ????????????????## ##??## ##??????? | | ?????????????????## ##?## ##??????? | | ??????????????????## #### ##??????? | | ???????????????????###########T#"""########??????? | | ????????????????????############ ? ########??????? | | ?????????????????????## @ #?####????????????????? | | | | | | | | | | | | | | | | | | | | | | | | | | | | | | | | | | | | | | | | | | | | | | | | | +----------------------------------------------------+ Best States ------------- Heat Dissipation 54 Energy Generation 31 Energy Capacity 520 Matter Stores 300 Matter Capacity 600 Sight Range 22 Robot Scan Range 14 Terrain Scan Range 14 Terrain Scan Density 310 ECM Strength 2 Jamming Range 12 Resistance: KI 20 Evasion (%) 64 Recoil Reduction 1 Offensive Hacking 12 Defensive Hacking 10 Item Schematics ----------------- Adv. ECM Suite | -7/Zion | Archive Imp. Reaction Control System | -7/Zion | Archive Hvy. Missile Launcher | -7/Zion | Archive Imp. Core Shielding | -7/Zion | Archive Arc Thrower | -7/Zion | Archive Imp. Carbon-fiber Leg | -7/Zion | Archive Field Propulsion Drive | -7/Zion | Archive Fission Core | -7/Zion | Archive Core Analyzer | -7/Zion | Archive Mak. Terrain Scan Processor | -7/Zion | Archive Hyp. Gauss Rifle | -7/Zion | Archive Great Axe | -7/Zion | Archive Powered Hammer | -7/Zion | Archive Imp. Particle Charger | -7/Zion | Archive Remote Force Field | -7/Zion | Archive Hvy. Beamcaster | -7/Zion | Free Riot Gun | -7/Zion | Free Slug Cannon | -7/Zion | Free Ripper | -7/Zion | Free Robot Schematics ------------------ S-27 Virus | -7/Zion | Archive Y-54 Guardian | -7/Zion | Archive Fabricated ------------ Nothing Alien Tech Used ----------------- None Achievements -------------- A New Friend Part-time Excavator Challenges ------------ None Game ------ Seed SwarmImpactSuite Manual? 0 Play Time 01:10:04 Cumulative 24.3 hours Start 2022.05.05 @ 18:44:26 End 2022.05.05 @ 22:15:03 Sessions 3 Manual Loads 0 Difficulty Rogue Special Mode None Game No. 30 Rogue 30 Adventurer 0 Explorer 0 Win Type - Total 0 Types 0/0/0/0/0/0/0/0/0 Lore% 23 Gallery% 33 Achievement% 21 Wizard Run 0 Options --------- ASCII 0 Keyboard 1 Movement Numpad Keybinds 0 Fullscreen 1 Font 36/Smallcaps Map View 76x50 Tactical HUD 1 Map Filters NONE Filters NONE Steam 1 RUN: 74cf954d-a502-42db-94f2-6395097f01bc